 Dungeon Crawl Stone Soup version 0.29-a0-923-g6e406bff71 (webtiles) character file.

Game seed: 18345439680656022144

324 LynnLen the Insei (level 6, -1/50 HPs)
             Began as a Draconian Transmuter on July 28, 2022.
             Slain by an orc
             ... wielding a +3 war axe
              (5 damage)
             ... on level 4 of the Dungeon.
             The game lasted 00:07:25 (4161 turns).

LynnLen the Insei (Draconian Transmuter)            Turns: 4161, Time: 00:07:26

Health: -1/50      AC:  6    Str: 12    XL:     6   Next: 23%
Magic:  0/11       EV: 12    Int: 15    God:
Gold:   149        SH:  0    Dex: 12    Spells: 4/12 levels left

rFire   . . .      SeeInvis .     - Unarmed
rCold   . . .      Faith    .   (no shield)
rNeg    . . .      Spirit   +   (body armour unavailable)
rPois   .          Reflect  .   (helmet currently unavailable)
rElec   .          Harm     .   (no cloak)
rCorr   .          Rampage  .   (no gloves)
Will    .....                   (boots currently unavailable)
Stlth   +.........              j - amulet of guardian spirit
HPRegen 0.16/turn               (no ring)
MPRegen 0.12/turn               (no ring)

@: mighty, appendages (expiring), slowed, very slow
A: horns 2, talons 2, AC +6, unfitting armour, cold-blooded
a: End Transformation


You were on level 4 of the Dungeon.
You had temporarily grown beastly horns and talons.
You visited 1 branch of the dungeon, and saw 4 of its levels.

You collected 149 gold pieces.

Inventory:

Jewellery
 j - an amulet of guardian spirit (around neck)
 l - an amulet of magic regeneration
 p - a ring of positive energy
 s - a ring of willpower
Scrolls
 b - 2 scrolls of torment
 c - a scroll of butterflies
 f - a scroll of enchant armour {unknown}
 h - 4 scrolls of teleportation {unknown}
 m - a scroll of blinking {unknown}
 t - a scroll of vulnerability {unknown}
Potions
 a - a potion of lignification
 d - a potion of attraction
 e - 3 potions of brilliance
 g - 2 potions of might
 i - a potion of haste {unknown}
 k - a potion of flight {unknown}
 n - a potion of ambrosia {unknown}
 q - a potion of invisibility {unknown}
 r - a potion of heal wounds {unknown}


   Skills:
 * Level 2.4 Fighting
 + Level 2.5 Dodging
 * Level 5.2 Unarmed Combat
 * Level 3.7 Spellcasting
 - Level 2.0 Transmutations


You had 4 spell levels left.
You knew the following spells:

 Your Spells              Type           Power      Damage    Failure   Level
a - Beastly Appendage     Tmut           16%        N/A       9%          1
b - Wereblood             Tmut           8%         N/A       12%         2
c - Spider Form           Tmut/Pois      5%         N/A       36%         3
d - Passwall              Tmut/Erth      4%         N/A       19%         2

Your spell library contained the following spells:

 Spells                   Type           Power      Damage    Failure   Level
 Ensorcelled Hibernation  Hex/Ice        4%         N/A       28%         2
 Swiftness                Air            2%         N/A       50%         3
 Ice Form                 Ice/Tmut       5%         N/A       77%         4
 Summon Forest            Summ/Tloc      1%         N/A       99%         5
 Eringya's Noxious Bog    Tmut/Pois      2%         N/A       100%        6
 Summon Hydra             Summ           1%         N/A       100%        7


Dungeon Overview and Level Annotations

Branches:
Dungeon (4/15)
 Temple: D:4-7

Altars:
Gozag
Nemelex Xobeh


Innate Abilities, Weirdness & Mutations

You have temporarily grown beastly horns and talons.
Your plain brown scales are hard. (AC +6)
You cannot fit into any form of body armour.
You are cold-blooded and may be slowed by cold attacks.


Message History

An orc comes into view. It is wielding a +3 war axe.
The kobold hits you but does no damage.
The endoplasm hits you but does no damage.
The orc shouts!
You hit the ball python but do no damage.
You claw the ball python.
You feel a bit better.
You kill the ball python!
The endoplasm misses you. The kobold hits you but does no damage.
Unknown command.
A ball python comes into view.
You howl as the wereblood boils in your veins!
You feel yourself speed up.
The ball python hisses angrily.
The endoplasm freezes you.
You are frozen.
The orc hits you with a +3 war axe.
* * * LOW HITPOINT WARNING * * *
The kobold closely misses you. The endoplasm misses you.
The orc closely misses you. The kobold closely misses you.
You see here a +0 dagger.
The orc attacks as you move away! The orc barely misses you.
The endoplasm closely misses you. The kobold closely misses you.
You feel better.
Your transformation is almost over.
Your primal bloodlust has ended.
The endoplasm freezes you.
You are frozen.
* * * LOW HITPOINT WARNING * * *
You feel yourself slow down. The orc closely misses you.
The kobold hits you with a +0 whip.
* * * LOW HITPOINT WARNING * * *
You feel very mighty all of a sudden.
The endoplasm hits you but does no damage.
The orc closely misses you. The kobold hits you with a +0 whip.
* * * LOW HITPOINT WARNING * * *
You closely miss the orc. Your kick misses the orc. The endoplasm freezes you.
You are frozen.
* * * LOW HITPOINT WARNING * * *
You feel as though you will be slow longer.
The orc hits you with a +3 war axe.
You die... ### ###### ...# #.... ... ....##...# ... ...#...# ...## .'...# #.... #.S.# #..### #JoK#

##### ###...# #.@.###..)##
#.#...###### #...##.....##g..
...........####...#.......#.g##
##..).#......##...'..†....#g..###
......##.....##...#.......#...>.
#....###......#...##.....##....
#.....####........###)..## ..#
..)...#####################.####
.............#.........)..)....#


You could see an orc, an endoplasm, a ball python and a kobold.

Vanquished Creatures
  A scorpion (D:4)
  A necrophage (D:4)
  A hound (D:4)
  8 gnolls
  5 adders
  2 dart slugs
  4 endoplasms
  A giant cockroach (D:3)
  7 goblins
  2 hobgoblins (D:1)
  4 quokkas
  3 ball pythons
  2 bats (D:2)
  7 frilled lizards
  5 kobolds
  3 rats
56 creatures vanquished.

Vanquished Creatures (others)
  15 plants (D:3)
15 creatures vanquished.

Grand Total: 71 creatures vanquished

Notes
Turn   | Place    | Note
-------+----------+-------------------------------------------
     0 | D:1      | LynnLen the Draconian Transmuter began the quest for the
                  | Orb.
     0 | D:1      | Reached XP level 1. HP: 16/16 MP: 3/3
    45 | D:1      | Found a faded altar of an unknown god.
   502 | D:1      | Reached XP level 2. HP: 20/23 MP: 3/5
  1105 | D:2      | Learned a level 2 spell: Wereblood
  1517 | D:2      | Reached XP level 3. HP: 22/28 MP: 6/6
  2285 | D:2      | Reached XP level 4. HP: 35/36 MP: 6/8
  2411 | D:2      | Learned a level 3 spell: Spider Form
  2417 | D:2      | Learned a level 2 spell: Passwall
  2991 | D:3      | Reached skill level 4 in Unarmed Combat
  3390 | D:3      | Found an opulent altar of Gozag.
  3390 | D:3      | Found a sparkling altar of Nemelex Xobeh.
  3640 | D:4      | Reached XP level 5. HP: 12/41 MP: 1/9
  4139 | D:4      | Reached skill level 5 in Unarmed Combat
  4153 | D:4      | Reached XP level 6. HP: 20/50 MP: 2/11
  4161 | D:4      | Slain by an orc

Illustrated notes

Levels and vault maps discovered:
D:1:      lightli_arrival_flooded_house, layout_rooms,
          shapermc_ecumenical_altar_venn, serial_forest,
          infiniplex_forest_end_3, infiniplex_forest_straight_1,
          infiniplex_forest_join, infiniplex_forest_straight_2,
          infiniplex_forest_straight_1, nicolae_figureground_sparkle
D:2:      minmay_door_path, layout_basic, nicolae_elevator_lobby_plus
D:3:      layout_basic, grunt_temple_overflow_opulence, nicolae_grassy_gnolls
D:4:      minmay_opposing_rooms, layout_cave_pools,
          nicolae_ru_the_path_less_chosen, gammafunk_temple_overflow_elements

Skill      XL: |  1  2  3  4  5 |
---------------+----------------+-----
Dodging        | 2 |  2.5
Unarmed Combat | 4 5 |  5.2
Spellcasting   | 3 |  3.7
Fighting       | 2 |  2.4
Transmutations | |  2.0

Action                   |  1- 3 |  4- 6 || total
-------------------------+-------+-------++-------
Melee: Unarmed           |   104 |   109 ||   213
       Kick              |    16 |    13 ||    29
       Tailslap          |     6 |     9 ||    15
       Headbutt          |     7 |    12 ||    19
       Punch             |       |     2 ||     2
 Cast: Beastly Appendage |    17 |    15 ||    32
       Wereblood         |       |     2 ||     2
  Use: Scroll            |     5 |     2 ||     7
       Potion            |       |     4 ||     4
Armor: Skin              |    31 |    35 ||    66
Dodge: Dodged            |    72 |    89 ||   161

Table legend: (Time is in decaauts)
 A = Elapsed time spent in this place.
 B = Non-inter-level travel time spent in this place.
 C = Inter-level travel time spent in this place.
 D = Time resting spent in this place.
 E = Time spent auto-exploring this place.
 F = Levels seen in this place.
 G = Mean time per level.
                   A        B        C        D        E       F      G
               +--------+--------+--------+--------+--------+-----+--------+
         Total |   4154 |   4122 |     32 |    499 |   2425 |   4 | 1038.5 |
       Dungeon |   4154 |   4122 |     32 |    499 |   2425 |   4 | 1038.5 |
               +--------+--------+--------+--------+--------+-----+--------+

Top non-repeatable levels by time:
     D:2: 1377 daAuts
     D:3: 1295 daAuts
     D:1: 1080 daAuts
     D:4: 400 daAuts
